Cogmind - Beta 16.1 @@@ ROGUE MODE // 2026.04.10 @ 20:11:08 Player: Maelyn Result: Destroyed by L-31 Rogue with Katana Performance ------------- Evolutions (1) 500 Regions Visited (3) 600 Robots Destroyed (46) 230 Value Destroyed (850) 850 Prototype IDs (2) 40 Alien Tech Used (0) 0 Bonus (-15) -15 TOTAL SCORE: 2205 Bonus ------- Friendly Fire -15 Cogmind --------- Core Integrity 0/400 Matter 288/300 Energy 530/530 System Corruption 2% Temperature Cool (4) Movement Treading (160) Location -9/Materials Parts ------- > --- POWER (1) -------- Cooled Ion Engine > --- PROPULSION (3) --- Light Treads Light Treads Light Treads > --- UTILITY (3) ------ Large Storage Unit High-capacity Battery Light Armor Plating > --- WEAPON (2) ------- Beam Rifle Improved Assault Rifle > --- INVENTORY (15) --- Cooled Ion Engine Airjet Airjet Airjet Airjet Medium Storage Unit Sensor Array Particle Charger ECM Suite Improved Weapon Shielding Improved Weapon Shielding Hacking Suite Hacking Suite System Shield Grenade Launcher Peak State ------------ > --- POWER ------------ Cooled Ion Engine > --- PROPULSION ------- Light Treads Light Treads Light Treads > --- UTILITY ---------- Large Storage Unit High-capacity Battery Light Armor Plating > --- WEAPON ----------- Beam Rifle Improved Assault Rifle > --- INVENTORY -------- Cooled Ion Engine Airjet Airjet Airjet Airjet Medium Storage Unit Sensor Array Particle Charger ECM Suite Improved Weapon Shielding Improved Weapon Shielding Hacking Suite Hacking Suite System Shield Grenade Launcher [Rating: 17] Favorites ----------- Power Light Ion Engine Engine Light Ion Engine Propulsion Light Treads Treads Light Treads Leg Aluminum Leg Utility Small Storage Unit Device Heat Sink Storage Small Storage Unit Protection Light Armor Plating Weapon Medium Laser Energy Gun Medium Laser Energy Cannon Beam Cannon Ballistic Gun Improved Assault Rifle Build | -11 -10 -10 -9 ------- Run | Yrd Mat Min Mat Slots Evolved 2 | . . . 2 Power . | . . . . Propulsion 1 | . . . 1 Utility 1 | . . . 1 Weapon . | . . . . Parts Attached 35 | 9 8 1 17 Power 4 | 1 1 1 1 Engine 4 | 1 1 1 1 Core . | . . . . Reactor . | . . . . Propulsion 14 | 4 2 . 8 Treads 12 | 2 2 . 8 Leg 2 | 2 . . . Wheel . | . . . . Hover . | . . . . Flight . | . . . . Utility 8 | 2 1 . 5 Device 2 | 1 . . 1 Storage 5 | 1 1 . 3 Processor . | . . . . Hackware . | . . . . Protection 1 | . . . 1 Artifact . | . . . . Weapon 9 | 2 4 . 3 Energy Gun 6 | 1 3 . 2 Energy Cannon 1 | . 1 . . Ballistic Gun 2 | 1 . . 1 Ballistic Cannon . | . . . . Launcher . | . . . . Special Weapon . | . . . . Impact Weapon . | . . . . Slashing Weapon . | . . . . Piercing Weapon . | . . . . Special Melee Weapon . | . . . . Unidentified Prototypes 2 | . . . 2 Parts Lost 9 | . 3 . 6 Power 2 | . 1 . 1 Propulsion 3 | . 1 . 2 Utility 2 | . 1 . 1 Weapon 2 | . . . 2 Highest Loss Streak 4 | . 1 . 4 To Critical Strikes . | . . . . Average Backups 10 | 3 7 7 13 Power . | . . . . Propulsion 3 | 1 2 2 3 Utility 4 | . . 4 8 Weapon 1 | 1 2 1 1 Tool/Special . | . . . . Unused Backups 18 | . 1 1 16 Power 2 | . . . 2 Propulsion 5 | . 1 . 4 Utility 9 | . . . 9 Weapon 2 | . . 1 1 Tool/Special . | . . . . Average Slot Usage (%) 92 | . 91 100 91 Engine 11 | . 12 14 9 Treads 28 | . 26 28 29 Device 4 | . 4 . 6 Storage 22 | . 19 28 22 Protection 1 | . . . 3 Energy Gun 15 | . 18 14 14 Energy Cannon 5 | . 7 14 2 Ballistic Gun 1 | . 2 . 2 Peak Build Rating 17 | 7 7 8 17 Average Rating 9 | 4 6 7 12 On Entrance 5 | . 7 7 8 Avg Prop Armor Cover (%) 11 | . 11 . . Naked Turns . | . . . . Heaviest Build 41 | 15 16 14 41 Greatest Support 63 | 40 40 40 63 Greatest Overweight (x) 1 | 1 . . . Average Overweight (x) . | . . . . Largest Inventory Capacity 15 | 8 8 8 15 Average Capacity 11 | 7 8 8 14 Most Carried 15 | 6 8 8 15 Average Carried 10 | 3 7 7 13 Final Capacity 15 | 8 8 8 15 Final Carried 15 | 4 8 8 15 Class Distribution -------------------- 84% | Mutant 15% | Scavenger-Mutant Dominant Class ---------------- Mutant | -10/Materials Mutant | -10/Mines Mutant | -9/Materials Resources | -11 -10 -10 -9 ----------- Run | Yrd Mat Min Mat Matter Collected 673 | 167 282 43 181 Remotely . | . . . . Salvage Created 1305 | 30 393 51 831 Parts 98 | 4 26 5 63 Haulers Intercepted 3 | . 1 . 2 Recyclers Shooed 2 | . 2 . . Parts Field Recycled . | . . . . Retrieved Matter . | . . . . Parts Self-Destructed . | . . . . Prevented . | . . . . Parts Restored . | . . . . Kills | -11 -10 -10 -9 ------- Run | Yrd Mat Min Mat Combat Hostiles Destroyed 31 | . 9 4 18 Guns 23 | . 6 1 16 Cannons 7 | . 3 3 1 Classes Destroyed 9 | 1 5 . 3 Worker 5 | . 3 . 2 Builder 3 | . 1 . 2 Tunneler 1 | 1 . . . Hauler 3 | . 1 . 2 Operator 1 | . . . 1 Watcher 2 | . . . 2 Swarmer 16 | . 4 4 8 Grunt 9 | . 5 . 4 Sentry 6 | . . . 6 Best Kill Streak 4 | 1 3 4 3 Combat Bots Only 4 | . 3 4 3 Max Kills in Single Turn 2 | 1 1 1 2 Gunslinging 1 | . . . 1 Exploded . | . . . . Melee . | . . . . Uniques/NPCs Destroyed . | . . . . Combat | -11 -10 -10 -9 -------- Run | Yrd Mat Min Mat Hostile Shots Fired 275 | . 84 28 163 Missed 84 | . 32 9 43 Hits 191 | . 52 19 120 Melee 3 | . . . 3 Projectile 188 | . 52 19 117 Critical Strikes 2 | . . . 2 Damage Taken 1944 | . 521 162 1261 Core 576 | . 117 43 416 Absorbed by Shields . | . . . . Core Remaining (%) 68 | 100 . 36 . Volleys Fired 133 | 2 49 8 74 Largest 2 | 2 2 2 2 Hottest 116 | 70 110 110 116 Shots Fired 242 | 4 98 17 123 Gun 194 | 4 72 8 110 Cannon 48 | . 26 9 13 Launcher . | . . . . Special . | . . . . Kinetic 13 | 2 . . 11 Thermal 229 | 2 98 17 112 Explosive . | . . . . Electromagnetic . | . . . . Robot Hit Streak 12 | 2 6 4 12 Robot Miss Streak 6 | 1 5 4 6 Penetration Max . | . . . . Secondary Targets 3 | . 1 . 2 Max Gunslinging Chain 1 | . 1 . 1 Shots Hit Robots 133 | 2 52 8 71 Core Hits 58 | 1 19 4 34 Critical Kills . | . . . . Critical Parts Destroyed . | . . . . Critical Strikes 12 | . 2 1 9 Burn 12 | . 2 1 9 Melee Attacks . | . . . . Impact . | . . . . Slashing . | . . . . Piercing . | . . . . Sneak Attacks . | . . . . Combat Hostiles . | . . . . Follow-up Attacks . | . . . . Damage Inflicted 2098 | 24 798 119 1157 Guns 1577 | 24 499 48 1006 Cannons 497 | . 285 71 141 Explosions . | . . . . Melee . | . . . . Ramming 24 | . 14 . 10 Kinetic 155 | 11 . . 144 Thermal 1919 | 13 784 119 1003 Explosive . | . . . . Electromagnetic . | . . . . Impact . | . . . . Slashing . | . . . . Piercing . | . . . . Highest Corruption 2 | . 2 2 2 Average Corruption 2 | . 2 2 2 Corruption Purged . | . . . . Corruption Blocked . | . . . . Effects 9 | . 5 2 2 Message Errors 1 | . . . 1 Matter Fused 2 | . 1 1 . Heat Flow Errors 2 | . 1 . 1 Data Loss (major) 1 | . 1 . . Misfires 2 | . 1 1 . Weapon Failures 1 | . 1 . . Overload Shots . | . . . . Overflow Damage . | . . . . Projectiles . | . . . . Explosions . | . . . . Melee . | . . . . Knockbacks . | . . . . Impact . | . . . . Kinetic . | . . . . Secondary . | . . . . Self-Inflicted Damage . | . . . . Shots . | . . . . Rammed 6 | . 2 1 3 Targets Rammed 7 | . 3 1 3 Kicked . | . . . . Crushed 1 | . 1 . . Highest Temperature 418 | 18 418 344 234 Average Temperature 108 | 10 156 189 31 Received Heat Transfer 411 | . 207 . 204 Effects 4 | . 3 1 . Energy Bleed 2 | . 1 1 . Matter Decay 1 | . 1 . . Short Circuit 1 | . 1 . . Siege Activations . | . . . . Martial Activations . | . . . . Shielding Activations . | . . . . Robots Disrupted . | . . . . Combat Hostiles . | . . . . Robots Corrupted . | . . . . Combat Hostiles . | . . . . Parts Fried . | . . . . Impact Corruptions . | . . . . Robots Melted 1 | . . . 1 Combat Hostiles 1 | . . . 1 Parts Melted 18 | . 5 1 12 Heat Transferred 5883 | 37 2220 370 3256 Parts Sabotaged . | . . . . Parts Stolen . | . . . . Parts Stripped . | . . . . Power Chain Reactions . | . . . . Alert | -11 -10 -10 -9 ------- Run | Yrd Mat Min Mat Maximum Alert Level . | . . . . Low Security (%) 100 | 100 100 100 100 Level 1 . | . . . . Level 2 . | . . . . Level 3 . | . . . . Level 4 . | . . . . Level 5 . | . . . . High Security . | . . . . Max Security . | . . . . Peak Influence 119 | 5 76 80 119 Initial 31 | . . . 31 Average 29 | . 14 5 48 Influence Increases 905 | 5 238 90 572 Destroy 0b10 Robot/C 620 | . 180 80 360 Destroy 0b10 Robot/NC 75 | 5 25 . 45 Destroy Leader 140 | . 32 10 98 Successful Hack 6 | . . . 6 Disable Machine 30 | . . . 30 Destroy Structure 4 | . 1 . 3 Lose Combat Pursuer 30 | . . . 30 Influence Decreases 834 | 5 238 10 581 Entered New Map 49 | . . . 49 Time Decay 701 | 5 214 10 472 Lost Part 84 | . 24 . 60 Squads Dispatched 4 | . 1 1 2 Investigation 2 | . 1 1 . Extermination . | . . . . Reinforcement 2 | . . . 2 Assault . | . . . . Garrison . | . . . . Intercept . | . . . . Searches Triggered . | . . . . Construction Impeded . | . . . . Haulers Reinforced . | . . . . Active Scanning Responses . | . . . . Cargo Convoy Interrupts . | . . . . Stealth | -11 -10 -10 -9 --------- Run | Yrd Mat Min Mat Distress Signals 3 | . 1 . 2 Communications Jammed . | . . . . Distress Signals . | . . . . Times Spotted 55 | . 14 5 36 Peak Tracking Total 5 | . 3 5 5 Tactical Retreats 2 | . . . 2 Traps | -11 -10 -10 -9 ------- Run | Yrd Mat Min Mat Traps Triggered 5 | . 4 . 1 Indirectly . | . . . . Trap Hack Attempts . | . . . . Triggered . | . . . . Disarmed . | . . . . Reprogrammed . | . . . . Reused . | . . . . Traps Extracted . | . . . . Installed . | . . . . Triggered . | . . . . Machines | -11 -10 -10 -9 ---------- Run | Yrd Mat Min Mat Machines Disabled 2 | . . . 2 Max in Single Turn 1 | . . . 1 Machines Repaired . | . . . . Machines Dismantled . | . . . . Machines Sabotaged . | . . . . Overloaded Fab Kills . | . . . . Hacking | -11 -10 -10 -9 --------- Run | Yrd Mat Min Mat Machines Accessed 2 | . . 1 1 Terminals 1 | . . . 1 Fabricators . | . . . . Repair Stations . | . . . . Recycling Units . | . . . . Scanalyzers . | . . . . Garrison Access . | . . . . Total Hacks 2 | . . 1 1 Successful 2 | . . 1 1 Failed . | . . . . Catastrophic . | . . . . Database Lockouts . | . . . . Manual 1 | . . . 1 Terminals 1 | . . . 1 Fabricators . | . . . . Repair Stations . | . . . . Recycling Units . | . . . . Scanalyzers . | . . . . Garrison Access . | . . . . Terminal Hacks 2 | . . 1 1 Robot Analysis 1 | . . . 1 Open Door 1 | . . 1 . Fabricator Hacks . | . . . . Repair Station Hacks . | . . . . Recycling Unit Hacks . | . . . . Scanalyzer . | . . . . Garrison Access Hacks . | . . . . Unauthorized Hacks . | . . . . Terminals . | . . . . Fabricators . | . . . . Repair Stations . | . . . . Recycling Units . | . . . . Scanalyzers . | . . . . Garrison Access . | . . . . Data Cores Recovered . | . . . . Used . | . . . . Hacking Detections . | . . . . Full Trace Events . | . . . . Feedback Events . | . . . . Feedback Blocked . | . . . . Robot Schematics Acquired . | . . . . Robots Built . | . . . . Authchips . | . . . . Time . | . . . . Total Robot Build Rating . | . . . . Part Schematics Acquired . | . . . . Parts Built . | . . . . Authchips . | . . . . Time . | . . . . Total Part Build Rating . | . . . . Part Studies Acquired . | . . . . Parts Repaired . | . . . . Time . | . . . . Parts Recycled . | . . . . Recycled Matter . | . . . . Retrieved Matter . | . . . . Retrieved Components . | . . . . Parts Scanalyzed . | . . . . Part Schematics Acquired . | . . . . Parts Damaged . | . . . . Bothacking | -11 -10 -10 -9 ------------ Run | Yrd Mat Min Mat Used RIF Installer . | . . . . Robots Hacked . | . . . . Non-combat . | . . . . Combat . | . . . . Robot Hacks Applied . | . . . . Relay Couplers Released . | . . . . Fabnet Peak Effective % . | . . . . Robots Rewired . | . . . . Allies Hacked . | . . . . Hacks Repelled . | . . . . Allies | -11 -10 -10 -9 -------- Run | Yrd Mat Min Mat Total Allies . | . . . . Largest Group . | . . . . Highest-Rated Group . | . . . . Highest-Rated Ally . | . . . . Total Orders . | . . . . Ally Attacks . | . . . . Total Damage . | . . . . Kills . | . . . . Allies Corrupted . | . . . . Allies Melted . | . . . . Intel | -11 -10 -10 -9 ------- Run | Yrd Mat Min Mat Active Infowar (turns) 275 | 23 252 . . Seismic 275 | 23 252 . . Robot Analysis Total 1 | . . . 1 Derelict Logs Recovered 2 | . . 2 . Drone Launches . | . . . . Drone Recoveries . | . . . . Exploration | -11 -10 -10 -9 ------------- Run | Yrd Mat Min Mat Turns Passed 2779 | 119 909 379 1372 Spaces Moved 1449 | 70 458 217 704 Core 7 | 7 . . . Treads 1412 | 33 458 217 704 Legs 30 | 30 . . . Wheels . | . . . . Hover . | . . . . Flight . | . . . . Fastest Speed 50 | 50 160 160 160 Average Speed 158 | 136 160 160 160 Slowest Speed 160 | 160 160 160 160 Overloaded Moves . | . . . . Propulsion Burnouts . | . . . . Robots Hopped . | . . . . Potential Cave-ins . | . . . . Cave-ins Triggered . | . . . . Exploration Rate (%) 43 | 3 72 52 48 Regions Visited 3 Branch Regions 1 Pre-discovered Areas 1 | . . 1 . Known Exits Taken . | . . . . Unknown Exits Taken 3 | 1 1 1 . Scrap Searched 1 | . . 1 . Spaces Dug . | . . . . Terrain Destroyed . | . . . . Melee . | . . . . Projectile . | . . . . AOE . | . . . . Terrain Rammed . | . . . . Walls Destroyed . | . . . . Machines Disabled . | . . . . Actions | -11 -10 -10 -9 --------- Run | Yrd Mat Min Mat Total 1680 | 86 532 235 827 Wait . | . . . . Move 1446 | 69 457 216 704 Hop . | . . . . Pick Up 30 | 6 5 4 15 Fast Attach 19 | 5 8 . 6 Attach 6 | 2 1 . 3 Detach 1 | . . . 1 Swap 16 | 2 4 1 9 Drop 22 | . 5 5 12 Fire 133 | 2 49 8 74 Melee . | . . . . Ram . | . . . . Kick . | . . . . Crush 7 | . 3 1 3 Escape Stasis . | . . . . Rewire . | . . . . Trap . | . . . . Miscellaneous . | . . . . Route ------- -11/Scrapyard -10/Materials (discovered 4 exits: *Mat x2 / *Min / *Sub) -10/Mines (discovered 2 exits: *Mat / Sub) -9/Materials (discovered 2 exits: [*Mat] / [*Sto]) History --------- Turn | Location | Event 11 | -11/Scrapyard | Discovered new exit (range 15) 120 | -11/Scrapyard | Entered Materials 300 | -10/Materials | Build established: Mutant 449 | -10/Materials | Discovered new exit (range 15) 749 | -10/Materials | Discovered new exit (range 15) 878 | -10/Materials | Discovered new exit (range 13) 882 | -10/Materials | Discovered new exit (range 11) 1029 | -10/Materials | Entered Mines 1040 | -10/Mines | Met a Derelict shopkeep closing up shop 1272 | -10/Mines | Identified exit to Subcaves 1293 | -10/Mines | Learned location of Storage (-9) 1367 | -10/Mines | Discovered new exit (range 6) 1371 | -10/Mines | Core integrity fell below 50% 1408 | -10/Mines | Entered Materials 1408 | -9/Materials | Evolved 2 slots: Propulsion x1, Utility x1 1879 | -9/Materials | Discovered new exit (range 6) 1973 | -9/Materials | Core integrity fell below 50% 1981 | -9/Materials | Discovered new exit (range 8) 2307 | -9/Materials | Core integrity fell below 20% 2340 | -9/Materials | Lost 4 parts (1p1n1u1w) 2644 | -9/Materials | Build established: Scavenger-Mutant 2780 | -9/Materials | Destroyed by L-31 Rogue with Katana Last Messages --------------- 02715_ K-01 Serf suffers critical hit (Burn). 02715_ Lgt. Ion Engine melted. 02715_ Wheel melted. 02715_ K-01 Serf destroyed. 02730_ U-05 Engineer builds a Door. 02737_ Y-45 Defender suffers critical hit (Burn). 02737_ U-05 Engineer builds a Door. 02740_ Y-45 Defender suffers critical hit (Burn). 02740_ Hvy. Assault Rifle melted. 02740_ Y-45 Defender destroyed. 02746_ Acquired 18 matter. 02749_ Dropped Lgt. Treads. 02750_ Acquired 10 matter. 02752_ R-06 Scavenger collects Lgt. Treads. 02756_ R-06 Scavenger collects Heat Sink. 02761_ R-06 Scavenger collects Lgt. Treads. 02764_ U-05 Engineer builds a Door. 02765_ R-06 Scavenger collects Imp. Ion Engine. 02779_ L-31 Rogue suffers critical hit (Burn). 02779_ G-34 Mercenary destroyed. Map ----- +----------------------------------------------------+ | ## #?????????????????????????????????? | | ## #??????? ?????????????????????????? | | ##########+#####??????? ?????????????????????????? | | ####### #????????? ?????????????????????????? | | #????????? ?????????????????????????? | | %! #????????? ?????????????????????????? | | #????????? ?????????????????????????? | | ####### #????????? ?????????????????????????? | | ##?????## ##????????# #????????????????????????? | | ????????# #?????????# #????????????????????????? | | ###?????# #?????????# ????????????????????????? | | =#?????# #?????????# #????????????????????????? | | #?????# #?????????# #????????????????????????? | | #?????# #?????????# #????????????????????????? | | #?????# #?????????# #????????????????????????? | | #?????# #?????????# #????????????????????????? | | #?????# #?????????# #????????????????????????? | | #?????# #?????????#%#??????""????????????????? | | ######### ###+####### ###??""""????????????????? | | = ! = # """""???????????????? | | !| % % + """""???????????????? | | * # """ ??????????????? | | ############ #######+##/#?? ?????????????? | | ???????????# #???# [%=g#????##/##?????????????? | | ???????????# #???# """ l#??????????????????????? | | ???????????# #???# """ @#??????????????????????? | | ???????????# #???# """ [#??????????????????????? | | ???????????# #???# #??????????????????????? | | ???????????# #???# #??????????????????????? | | ???????????# #???########??????????????????????? | | ???????????# #?????????????????????????????????? | | ???????????# #?????????????????????????????????? | | ???????????# #?????????????????????????????????? | | ???????????# #?????????????????????????????????? | | ???????????# #?????????????????????????????????? | | ???????????# +?????????????????????????????????? | | ???????????? ??????????????????????????????????? | | ?????????????????????????????????????????????????? | | ?????????????????????????????????????????????????? | | ?????????????????????????????????????????????????? | | ?????????????????????????????????????????????????? | | ?????????????????????????????????????????????????? | | ?????????????????????????????????????????????????? | | ?????????????????????????????????????????????????? | | ?????????????????????????????????????????????????? | | ?????????????????????????????????????????????????? | | ?????????????????????????????????????????????????? | | ?????????????????????????????????????????????????? | | ?????????????????????????????????????????????????? | | ?????????????????????????????????????????????????? | +----------------------------------------------------+ Best States ------------- Heat Dissipation 38 Energy Generation 14 Energy Capacity 530 Matter Stores 300 Matter Capacity 300 Sight Range 16 Terrain Scan Density 10 Armor Coverage 150 Evasion (%) 45 Recoil Reduction 3 Item Schematics ----------------- None Robot Schematics ------------------ None Fabricated ------------ Nothing Repaired ---------- Nothing Studied --------- None Alien Tech Used ----------------- None Achievements -------------- None Challenges ------------ None Game ------ Seed ReinforcedBottomlessStorm Manual? 0 Play Time 00:25:19 Cumulative 36.0 hours Start 2026.04.10 @ 19:48:04 End 2026.04.10 @ 20:11:08 Sessions 1 Manual Loads 0 Difficulty Rogue Special Mode None Game No. 94 Rogue 94 Adventurer 0 Explorer 0 Win Type - Total 0 Types 0/0/0/0/0/0/0/0/0/0 Lore% 14 Gallery% 24 Achievement% 16 Wizard Run 0 Options --------- Layout 2 ASCII 0 Keyboard 1 Movement Vi Keybinds 0 Fullscreen 2 Font 20/Terminus Map View 64x51 Zoom Use 0% Tactical HUD 1 Map Filters NONE Filters NONE Steam 1 RUN: 31f48672-6d81-43c8-ae42-bfa55f0e22b1